Map: Lerilak Crest

Players

GanSuMao - Winner!

  • Race: Terran Terran
  • League: Gold

Manta

  • Race: Zerg Zerg
  • League: Silver

VOD

Have the link to the VOD?

Description

Time

  • Played on: Feb. 18, 2016, 5:51 p.m.
  • Length: 8:14
Show
View Real Time Build Order
Export as new Build Order

GanSuMao Terran - Winner!

Build Orders: Banshee Rush 

Get SALT Encoding   

  12  0:01  SCV  
  13  0:13  SCV  
  14  0:18  Supply Depot  
  14  0:25  SCV  
  15  0:36  Refinery  
  15  0:39  Refinery  
  15  0:49  Barracks  
  15  0:52  SCV  
  16  1:05  Supply Depot  
  16  1:10  SCV  
  17  1:22  SCV  
  18  1:34  SCV  
  19  1:42  Factory  
  19  1:53  Supply Depot  
  19  1:57  Barracks Tech Lab  
  19  1:58  SCV  
  20  2:21  Barracks Tech Lab  
  20  2:33  Starport  
  20  2:36  Starport  
  20  2:50  Orbital Command  
  20  3:13  Cloaking Field  
  20  3:14  Banshee  
  23  3:25  SCV  
  24  3:27  Banshee  
  27  3:43  SCV  
  28  3:55  SCV  
  29  3:57  Banshee  
  29  4:00  Barracks  
  29  4:01  Supply Depot  
  32  4:07  SCV  
  33  4:15  Factory Reactor, Barracks Reactor  
  33  4:19  SCV  
  33  4:23  Banshee  
  37  4:31  Supply Depot  
  37  4:36  SCV  
  38  4:48  SCV  
  38  4:49  Barracks Tech Lab  
  39  4:54  Barracks  
  39  5:04  Starport Reactor  
  39  5:05  SCV  
  40  5:10  Command Center  
  40  5:21  SCV  
  41  5:22  Marine x2  
  41  5:23  Marauder  
  41  5:27  Stimpack  
  45  5:38  Widow Mine  
  45  5:42  Medivac  
  49  5:45  Bunker  
  49  5:49  Bunker  
  49  5:52  Armory  
  49  6:55  Liberator  
  49  6:56  Liberator  
  49  7:12  Widow Mine x2  
  49  7:14  Banshee  
Show
View Real Time Build Order
Export as new Build Order

Manta Zerg 

Build Orders: Hatch First 

Get SALT Encoding   

  12  0:01  Drone  
  13  0:12  Overlord  
  13  0:18  Drone  
  14  0:31  Drone  
  14  0:33  Drone  
  16  0:39  Drone  
  17  0:54  Hatchery  
  17  0:56  Drone  
  17  1:00  Drone  
  17  1:02  Extractor  
  17  1:20  Spawning Pool  
  16  1:30  Drone  
  16  1:31  Drone x2  
  19  1:42  Overlord  
  19  2:06  Extractor  
  19  2:08  Zergling x2, Roach Warren  
  17  2:09  Zergling x2, Queen  
  17  2:13  Drone  
  22  2:20  Queen  
  24  2:29  Spore Crawler  
  23  2:34  Spore Crawler  
  22  2:41  Drone x2  
  25  2:44  Drone  
  25  2:50  Roach  
  27  2:53  Drone  
  28  3:01  Drone x2  
  30  3:14  Drone x2  
  30  3:15  Drone x2  
  34  3:21  Evolution Chamber  
  33  3:35  Drone x2  
  33  3:36  Drone  
  33  3:38  Overlord  
  36  3:48  Zerg Missile Weapons Level 1  
  36  3:59  Drone  
  37  4:04  Hatchery  
  37  4:05  Roach  
  37  4:06  Ravager  
  39  4:14  Lair  
  39  4:18  Queen  
  39  4:20  Drone  
  42  4:29  Drone x2  
  44  4:33  Overlord  
  44  4:35  Overlord  
  44  4:55  Queen  
  47  5:07  Drone x4  
  47  5:09  Roach x3  
  47  5:11  Overlord  
  56  5:17  Drone x3  
  59  5:23  Queen  
  61  5:36  Drone x6  
  61  5:40  Extractor  
  66  5:43  Zerg Ground Armor Level 1, Pneumatized Carapace  
  66  5:50  Roach x3  
  66  5:51  Roach  
  66  5:54  Overlord  
  53  6:38  Spore Crawler  
  52  6:40  Spore Crawler  
  52  6:42  Spore Crawler  
  47  6:55  Overseer  
  42  7:03  Roach x4  
  42  7:04  Roach x2  
  42  7:05  Roach x4  
  42  7:06  Roach x6  
  42  7:07  Zergling x4  
  74  7:15  Spore Crawler  
Tags
 
Matchup
TvZ
Replay Pack
sc2sc2
Strategy
Banshee Rush
Add a new tag
Caveats
  • Supply blocks, unpowered buildings, or Contaminate may cause inaccurate times.
  • Supply counts are checked every 10 seconds.